 Dungeon Crawl Stone Soup version 0.16.2-12-gd0ad4c3 (webtiles) character file.

57 Goblin1989 the Grasshopper (level 3, -5/18 HPs)
             Began as a Spriggan Warper on Mar 15, 2017.
             Slain by Natasha (9 damage)
             ... on level 3 of the Dungeon.
             The game lasted 00:03:46 (2990 turns).

Goblin1989 the Grasshopper (Spriggan Warper)        Turns: 2990, Time: 00:03:47

Health: -5/18      AC:  2    Str:  7    XL:     3   Next: 73%
Magic:  11/11      EV: 18    Int: 15    God:
Gold:   130        SH:  0    Dex: 15    Spells: 1 memorised, 7 levels left

rFire  . . .     SeeInvis +     a - +0 short sword
rCold  . . .     Clarity  .     b - +0 robe
rNeg   . . .     SustAb   .     (shield restricted)
rPois  .         Gourm    .     (helmet restricted)
rElec  .         Spirit   .     (no cloak)
rCorr  .         Warding  .     (gloves unavailable)
rMut   .         Stasis   .     (boots unavailable)
MR     .....                    (no amulet)
Stlth  ++........               (no ring)
                                (no ring)

@: very quick, not resistant to hostile enchantments, unstealthy
A: unfitting armour, see invisible, herbivore 3, speed 3, slow metabolism 2
a: no special abilities


You were on level 3 of the Dungeon.
You were not hungry.

You visited 1 branch of the dungeon, and saw 3 of its levels.

You collected 130 gold pieces.

Inventory:

Hand weapons
 a - a +0 short sword (weapon)
Missiles
 f - 5 tomahawks of dispersal (quivered)
Armour
 b - a +0 robe (worn)
Scrolls
 g - a scroll of amnesia {unknown}
 n - a scroll of teleportation {unknown}
 o - a scroll of enchant weapon {unknown}
 p - a scroll of remove curse {unknown}
 B - a scroll of blinking
Potions
 d - a potion of lignification {unknown}
 h - a potion of mutation {unknown}
 i - a potion of restore abilities {unknown}
 j - a potion of ambrosia {unknown}
 l - 3 potions of heal wounds {unknown}
 m - a potion of curing {unknown}
Books
 c - a book of Spatial Translocations

   Spells                             Type                      Level
   a - Apportation                    Translocation                1
   b - Blink                          Translocation                2
   c - Shroud of Golubria             Charms/Translocation         2
   d - Portal Projectile              Translocation                3
   e - Teleport Other                 Translocation                3
   f - Passage of Golubria            Translocation                4
Comestibles
 e - 4 bread rations {@e1}
 k - 3 fruits


   Skills:
 * Level 2.0 Fighting
 - Level 2.1 Short Blades
 - Level 1.1 Throwing
 - Level 0.6 Armour
 * Level 3.6 Dodging
 + Level 1.2 Stealth
 - Level 3.4 Spellcasting
 - Level 5.3 Translocations


You had 7 spell levels left.
You knew the following spells:

 Your Spells              Type           Power        Failure   Level  Hunger
o - Apportation           Tloc           ###.......   1%          1    None


Dungeon Overview and Level Annotations

Branches:
Dungeon (3/15)

Altars:

Annotations:
D:3 Natasha


Innate Abilities, Weirdness & Mutations

You are tiny and cannot use many weapons and most armour.
You have supernaturally acute eyesight.
You are a herbivore.
You cover ground extremely quickly.
You need consume almost no food.


Message History

No target in view!
No target in view!
No target in view!
No target in view!
No target in view!
No target in view!
No target in view!
No target in view!
No target in view!
No target in view!
No target in view!
No target in view!
No target in view!
No target in view!
No target in view!
You see here a trident.
You now have 123 gold pieces (gained 13).
l - 3 cyan potions (gained 1)
e - 4 bread rations {@e1} (gained 1)
You found a teleport trap!
You open the door.
There is an open door here.
Done exploring.
Done exploring.
Done exploring.
(D) Dungeon
Where to? (Enter - D:2, ? - help)
There is an open door here.
There is an open door here.
There is a stone staircase leading down here.
You climb downwards.
There is a stone staircase leading up here.
You open the door.
There is an open door here.
A goblin comes into view. It is wielding a dagger.
A goblin is nearby!
A goblin is nearby!
The goblin shouts!
The goblin barely misses you.
You barely miss the goblin. The goblin hits you with a dagger.
You take 2 damage, and have 16/18 hp.
You closely miss the goblin. The goblin closely misses you.
You hit the goblin.
You kill the goblin!
Your Fighting skill increases to level 2!
Items here: ( )) † a dagger; a hunting sling; 14 stones; a goblin corpse
p - a scroll labeled KOIMNO HEVEE You now have 130 gold pieces (gained 7).
Marking area around Natasha as unsafe for travelling.
Natasha, Servant of Life and Death comes into view.
Natasha hisses angrily.
Natasha stares at you and mumbles some strange words.
You resist with some effort.
You see here a robe.
You barely miss Natasha. Natasha claws you!
Ouch! That really hurt!
* * * LOW HITPOINT WARNING * * *
You are too injured to fight recklessly!
You take 10 damage, and have 7/18 hp.
MASSIVE DAMAGE!!
You are too injured to fight recklessly!
You are too injured to fight recklessly!
You are too injured to fight recklessly!
You are too injured to fight recklessly!
You are too injured to fight recklessly!
You are too injured to fight recklessly!
You are too injured to fight recklessly!
You are too injured to fight recklessly!
You are too injured to fight recklessly!
You are too injured to fight recklessly!
You are too injured to fight recklessly!
You are too injured to fight recklessly!
You are too injured to fight recklessly!
You are too injured to fight recklessly!
You are too injured to fight recklessly!
You are too injured to fight recklessly!
You are too injured to fight recklessly!
You are too injured to fight recklessly!
You are too injured to fight recklessly!
You are too injured to fight recklessly!
You are too injured to fight recklessly!
You are too injured to fight recklessly!
You are too injured to fight recklessly!
You hit Natasha but do no damage. Natasha barely misses you.
You hit Natasha.
Natasha is moderately wounded.
Natasha claws you.
* * * LOW HITPOINT WARNING * * *
You take 3 damage, and have 4/18 hp.
You hit Natasha.
Natasha is heavily wounded.
Natasha mumbles some strange words.
You hit Natasha.
Natasha is almost dead.
Natasha misses you.
You hit Natasha but do no damage.
Natasha is almost dead.
Natasha claws you!
Ouch! That really hurt!
You die...

██████████.........
█.................
█.███████████████
█................)
███████...........
█...........
█............
█............
.....██.@5..██▲█.
..... █.h...█ .....
█.....█ ....


███████ ... You could see Natasha and a shadow imp.

Vanquished Creatures
  A giant mite (D:2)
  2 oozes (D:1)
  4 giant cockroaches
  8 hobgoblins
  4 jackals (D:2)
  2 ball pythons (D:1)
  6 bats
  A giant newt (D:2)
  5 goblins
  5 kobolds (D:1)
  8 rats
46 creatures vanquished.

Notes
Turn   | Place    | Note
--------------------------------------------------------------
     0 | D:1      | Goblin1989, the Spriggan Warper, began the quest for the Orb.
     0 | D:1      | Reached XP level 1. HP: 10/10 MP: 4/4
   153 | D:1      | Reached XP level 2. HP: 12/14 MP: 8/8
   205 | D:1      | Reached skill level 5 in Translocations
  1699 | D:1      | Reached XP level 3. HP: 13/18 MP: 11/11
  2448 | D:2      | Reached skill level 1 in Stealth
  2980 | D:3      | Noticed Natasha
  2990 | D:3      | Slain by Natasha

Action                   || total
-------------------------++-------
Melee: Short sword       ||   225
 Stab: Sleeping          ||     5

Vault maps used:
D:1:      erik_arrival_gehennom, st_stairs_3
D:2:      first_bread, amethyst_killhole
D:3:      st_stairs_9, uniq_natasha
